AoeStats
← erdidd

Lombardia

507567048Analyzed
2v2 RM · 12d ago on Sep 18, 2026· 50m 42s· 4 players
Game mode
Random Map
Map size
Medium (4 player)
Population
200
Speed
Normal
Resources
Standard
Victory
Conquest
Starting age
Dark Age
Ending age
Imperial Age
RankedLock teamsTeams togetherTeam positionsShared explorationLock speedFull tech treeHidden civsTurbo modeCheats
Victory
Defeat
🇭🇰 Burmese · Hong Kong SAR China
961
+12
🇩🇪 Mongols · Germany
939
+13
🇹🇷 Ethiopians · Türkiye
881
-12
🇹🇷 Gurjaras · Türkiye
881
-13
cl12272003
1:05 Loom
13:02 Feudal Age
13:48 Horse Collar
20:05 Castle Age
22:07 Town Watch
22:58 Wheelbarrow
23:14 Stone Mining
23:32 Heavy Plow
27:01 Gold Mining
28:01 Hand Cart
28:40 Squires
29:57 Gold Shaft Mining
31:27 Town Patrol
34:57 Imperial Age
32:14 Man-at-Arms
32:40 Gambesons
32:15 Pikeman
34:25 Scale Mail Armor
34:36 Forging
34:31 Scale Barding Armor
35:05 Husbandry
35:16 Bloodlines
35:06 Elite Battle Elephant
36:15 Howdah
36:37 Conscription
37:03 Crop Rotation
38:44 Chain Barding Armor
38:39 Chain Mail Armor
39:00 Iron Casting
38:46 Chain Barding Armor
42:03 Plate Mail Armor
42:08 Iron Casting
43:19 Iron Casting
43:36 Capped Ram
48:51 Long Swordsman
48:53 Halberdier
50:00 Two-Handed Swordsman
Johnny_von_Cash
4:07 Loom
12:04 Feudal Age
14:07 Wheelbarrow
13:19 Double-Bit Axe
13:16 Horse Collar
13:32 Gold Mining
14:29 Town Watch
16:14 Stone Mining
16:19 Fletching
22:30 Castle Age
22:17 Scale Barding Armor
22:22 Forging
22:48 Bloodlines
23:42 Husbandry
24:15 Bow Saw
24:16 Heavy Plow
25:54 Hand Cart
25:30 Man-at-Arms
26:12 Squires
34:56 Bodkin Arrow
37:08 Chain Barding Armor
37:00 Scale Mail Armor
36:24 Long Swordsman
36:50 Arson
38:19 Iron Casting
39:02 Chain Mail Armor
38:54 Pikeman
40:53 Light Cavalry
45:56 Caravan
47:15 Town Patrol
50:23 Imperial Age
48:46 Fortified Wall
48:33 Murder Holes
48:49 Masonry
48:30 Guard Tower
51:05 Ballistics
Segbuzz
10:12 Feudal Age
8:44 Loom
10:37 Horse Collar
11:45 Double-Bit Axe
13:16 Wheelbarrow
16:49 Bloodlines
20:33 Forging
20:17 Fletching
21:50 Forging
21:40 Scale Mail Armor
25:13 Castle Age
23:46 Scale Barding Armor
23:41 Padded Archer Armor
24:16 Gold Mining
24:17 Stone Mining
25:18 Padded Archer Armor
27:17 Caravan
28:27 Gold Shaft Mining
28:28 Stone Shaft Mining
28:40 Husbandry
28:01 Light Cavalry
28:03 Elite Skirmisher
29:57 Bow Saw
30:17 Heavy Plow
31:36 Hand Cart
32:30 Iron Casting
31:51 Bodkin Arrow
32:13 Leather Archer Armor
33:32 Thumb Ring
34:07 Chain Barding Armor
36:04 Kshatriyas
37:36 Ballistics
43:39 Imperial Age
40:55 Town Watch
erdidd
9:16 Loom
11:03 Feudal Age
11:33 Double-Bit Axe
16:21 Castle Age
17:32 Bow Saw
19:10 Fletching
25:56 Wheelbarrow
26:32 Gold Mining
27:57 Murder Holes
29:08 Thumb Ring
29:13 Horse Collar
29:17 Crossbowman
31:21 Hand Cart
31:12 Caravan
31:35 Ballistics
31:48 Royal Heirs
35:41 Imperial Age
32:52 Elite Skirmisher
34:19 Squires
35:01 Gold Shaft Mining
34:19 Stone Mining
36:09 Bodkin Arrow
36:20 Scale Barding Armor
36:15 Padded Archer Armor
35:43 Elite Shotel Warrior
36:01 Halberdier
37:12 Heavy Plow
37:47 Conscription
38:13 Arbalester
40:08 Scale Mail Armor
41:04 Heavy Camel Rider
44:59 Forging
49:40 Chemistry
49:27 Iron Casting
49:07 Chain Mail Armor
48:53 Bracer
Connection lost

Rejoining the realm…

Still unreachable

The connection could not be restored.

Session expired

The server has moved on; the page needs a fresh start.